 Dungeon Crawl Stone Soup version 0.19-a0-1008-g4c63d25 (webtiles) character file.

394 poirepourri the Magician (level 6, -1/32 HPs)
             Began as a Deep Elf Fire Elementalist on July 23, 2016.
             Slain by a centaur
             ... wielding a +0 spear
              (10 damage)
             ... on level 5 of the Dungeon.
             The game lasted 00:07:13 (3975 turns).

poirepourri the Magician (DEFE)                     Turns: 3975, Time: 00:07:14

Health: -1/32      AC:  2    Str:  5    XL:     6   Next: 51%
Magic:  13/18      EV: 13    Int: 22    God:
Gold:   114        SH:  0    Dex: 15    Spells: 2 memorised, 16 levels left

rFire  . . .     SeeInvis .     e - +0 short sword
rCold  . . .     Gourm    .     a - +0 robe
rNeg   . . .     Faith    .     (no shield)
rPois  .         Spirit   .     (no helmet)
rElec  .         Dismiss  .     (no cloak)
rCorr  .         Reflect  .     (no gloves)
SustAt .         Harm     .     (no boots)
MR     .....                    (no amulet)
Stlth  ++........               (no ring)
                                (no ring)

@: not resistant to hostile enchantments, unstealthy
A: no striking features
a: no special abilities


You were on level 5 of the Dungeon.
You were full.

You visited 1 branch of the dungeon, and saw 5 of its levels.

You collected 114 gold pieces.

Inventory:

Hand Weapons
 e - a +0 short sword (weapon)
Armour
 a - a +0 robe (worn)
Jewellery
 d - a cursed ring of teleportation
Scrolls
 i - a scroll of remove curse
 j - a scroll of teleportation
 k - 2 scrolls of identify
 l - 2 scrolls of magic mapping
Potions
 c - a potion of cancellation
 f - 3 potions of haste
Books
 b - a book of Flames

   Spells                             Type                      Level
   a - Flame Tongue                   Conjuration/Fire             1
   b - Throw Flame                    Conjuration/Fire             2
   c - Conjure Flame                  Conjuration/Fire             3
   d - Inner Flame                    Hexes/Fire                   3
   e - Sticky Flame                   Conjuration/Fire             4
   f - Fireball                       Conjuration/Fire             5
Comestibles
 g - a meat ration
 h - a bread ration


   Skills:
 - Level 2.4 Dodging
 - Level 2.4 Stealth
 * Level 7.1 Spellcasting
 + Level 3.0 Conjurations
 + Level 5.2 Fire Magic


You had 16 spell levels left.
You knew the following spells:

 Your Spells              Type           Power        Failure   Level  Hunger
a - Flame Tongue          Conj/Fire      ####.        1%          1    None
b - Throw Flame           Conj/Fire      ####..       2%          2    None


Dungeon Overview and Level Annotations

Branches:
Dungeon (5/15)
 Temple: D:4-7

Altars:
Ashenzari
Xom


Message History

The centaur closely misses you. The centaur barely misses you.
Casting: Flame Tongue
Confirm with . or Enter, or press ? or * to list all spells.
Aiming: Flame Tongue
Press: ? - help, Shift-Dir - straight line, f/p - centaur
Aim: a centaur, wielding a spear (almost dead)
The flame tongue hits the centaur.
The centaur appears unharmed.
The centaur is almost dead.
The centaur misses you.
Casting: Flame Tongue
Confirm with . or Enter, or press ? or * to list all spells.
Aiming: Flame Tongue
Press: ? - help, Shift-Dir - straight line, f/p - centaur
Aim: a centaur, wielding a spear (almost dead)
The flame tongue hits the centaur.
The centaur appears unharmed.
The centaur is almost dead.
The centaur hits you from afar with a spear!
* * * LOW HITPOINT WARNING * * *
The centaur hits you from afar with a spear!
You die...

#.. .. ######.# #.. #..
.......####_. ...
#........#.. #.#
#........#.. . #.#
#........### ... #.#
#.........#
.....###.####.........#
.....c.@........).....##
.....###...........†....
... #)####..........# .
#.# #..........#
#<####..........#
###..........####.#
...........####.# #.#
##########.# #.# #.# #.#
#># #.#


You could see a centaur.

Vanquished Creatures
  A hound (D:5)
  An orc wizard (D:3)
  A giant frog skeleton (D:5)
  Natasha (twice) (D:2)
  An iguana (D:5)
  A worker ant (D:5)
  3 gnolls (D:5)
  10 adders
  2 oozes
  A worm (D:2)
  2 giant geckos (D:3)
  4 orcs (D:3)
  2 giant cockroaches
  4 goblins
  12 hobgoblins
  12 jackals
  6 kobolds
  9 bats
  3 giant newts
  4 rats
81 creatures vanquished.

Notes
Turn   | Place    | Note
-------+----------+-------------------------------------------
     0 | D:1      | poirepourri the Deep Elf Fire Elementalist began the quest for the Orb.
     0 | D:1      | Reached XP level 1. HP: 10/10 MP: 6/6
   107 | D:1      | Reached XP level 2. HP: 13/15 MP: 0/8
   215 | D:1      | Learned a level 2 spell: Throw Flame
   229 | D:1      | Found a shimmering altar of Xom.
   848 | D:1      | Reached skill level 4 in Spellcasting
   848 | D:1      | Reached XP level 3. HP: 19/19 MP: 4/10
  1748 | D:2      | Reached XP level 4. HP: 24/24 MP: 1/12
  1838 | D:2      | Noticed Natasha
  2002 | D:2      | Reached skill level 5 in Spellcasting
  2168 | D:2      | Killed Natasha
  2176 | D:2      | Noticed Natasha
  2407 | D:2      | Killed Natasha
  2407 | D:2      | Reached XP level 5. HP: 14/28 MP: 2/15
  2883 | D:3      | Reached skill level 6 in Spellcasting
  3270 | D:3      | Found a shattered altar of Ashenzari.
  3440 | D:3      | You fall through a shaft for 2 floors!
  3440 | D:5      | Entered Level 5 of the Dungeon
  3528 | D:5      | Reached XP level 6. HP: 29/32 MP: 11/17
  3644 | D:5      | Reached skill level 5 in Fire Magic
  3669 | D:5      | Found a shimmering altar of Xom.
  3791 | D:5      | Reached skill level 7 in Spellcasting
  3975 | D:5      | Slain by a centaur

Vault maps used:
D:1:      dpeg_arrival_ternary, xom_teletrap_fun
D:2:      first_bread, uniq_natasha
D:3:      lemuel_round_altar, led_sif_pool
D:4:      nicolae_overflow_hidden_temple, uniq_crazy_yiuf_cottage, uniq_robin,
          uniq_eustachio
D:5:      lemuel_coloured_pillars_altar, nicolae_ossuary_entry_giza

Skill      XL: |  1  2  3  4  5  6 |
---------------+-------------------+-----
Spellcasting   | 4 5 6 7 |  7.1
Fire Magic     | 4 5 |  5.2
Conjurations   | 2 3 |  3.0
Dodging        | |  2.4
Stealth        | |  2.4

Action                   |  1- 3 |  4- 6 || total
-------------------------+-------+-------++-------
Melee: Unarmed           |     3 |     5 ||     8
 Cast: Flame Tongue      |    41 |    85 ||   126
       Throw Flame       |    16 |    51 ||    67
  Use: Scroll            |     4 |     8 ||    12
  Eat: Bread ration      |     1 |     1 ||     2
       Meat ration       |     1 |       ||     1
Armor: Robe              |    14 |     2 ||    16
Dodge: Dodged            |    35 |    31 ||    66
